 Dungeon Crawl Stone Soup version 0.32-a0-350-g4f4d228785 (webtiles) character file.

Game seed: 15848665703007273609

120995 Pooter the Severer (level 16, -19/145 HPs)
             Began as a Minotaur Fighter on Feb 16, 2024.
             Was a High Priest of Okawaru.
             Killed from afar by a storm dragon (21 damage)
             ... with a bolt of lightning
             ... on level 14 of the Dungeon on Feb 17, 2024.
             The game lasted 02:27:57 (32407 turns).

Pooter the Severer (Minotaur Fighter)              Turns: 32407, Time: 02:27:58

Health: -19/145    AC: 25    Str: 24    XL:     16   Next: 31%
Magic:  22/22      EV: 22    Int:  5    God:    Okawaru [*****.]
Gold:   452        SH:  0    Dex: 19    Spells: 15/15 levels left

rFire   . . .        a - +5 broad axe (heavy)
rCold   + . .        (no shield)
rNeg    . . .        S - +3 plate armour
rPois   +            K - +2 hat
rElec   .            T - +0 cloak of Oset {Harm rC+ Int-2}
rCorr   .            (no gloves)
SInv    .            U - +2 pair of boots {Stlth+}
Will    +....        Z - dreamdust necklace {Acrobat} Stlth
                     o - +6 ring of dexterity
HPRegen 0.44/turn    P - ring of poison resistance
MPRegen 0.18/turn

%: harm (+30% outgoing, +20% incoming), acrobat
@: mighty, acrobatic, hasted, invisible, very quick
A: horns 2, retaliatory headbutt
a: Renounce Religion, Heroism, Finesse, Duel


You were on level 14 of the Dungeon.
You worshipped Okawaru.
Okawaru was extremely pleased with you.
You visited 3 branches of the dungeon, and saw 22 of its levels.
You also visited: Ossuary and Bailey.

You collected 2135 gold pieces.
You spent 1683 gold pieces at shops.

Inventory:

Hand Weapons
 a - a +5 heavy broad axe (weapon)
   (You took it off a spriggan in a bailey)
 b - a +2 arbalest of draining
   (You found it on level 3 of the Dungeon)
 e - a +5 heavy dire flail
   (You took it off Lodul on level 13 of the Dungeon)
 y - a +3 flail of holy wrath
   (You took it off Edmund on level 5 of the Dungeon)
 z - a +2 antimagic battleaxe
   (You took it off Rupert on level 2 of the Orcish Mines)
 J - a +2 battleaxe of flaming
   (You acquired it on level 3 of the Lair of Beasts)
 R - the +4 hand axe of Qodghu {freeze, rPois rF+}
   (You found it on level 4 of the Dungeon)

   rF+:       It protects you from fire.
   rPois:     It protects you from poison
Missiles
 c - 2 datura-tipped darts
 v - 7 javelins
 O - 12 boomerangs (quivered)
 X - 7 curare-tipped darts
Armour
 K - a +2 hat (worn)
   (You found it on level 3 of the Dungeon)
 S - a +3 plate armour (worn)
   (You took it off a kobold on level 7 of the Dungeon)
 T - the +0 cloak of Oset (worn) {Harm rC+ Int-2}
   (You bought it in a shop on level 2 of the Orcish Mines)

   Int-2:     It affects your intelligence (-2).
   rC+:       It protects you from cold.
   Harm:      It increases damage dealt and taken.
 U - a +2 pair of boots of stealth (worn)
   (You bought it in a shop on level 2 of the Orcish Mines)
 W - a +1 hat
   (You bought it in a shop on level 14 of the Dungeon)
Jewellery
 l - an amulet of magic regeneration
   (You found it on level 3 of the Dungeon)
 o - a +6 ring of dexterity (left hand)
   (You found it on level 3 of the Dungeon)
 F - a ring of protection from fire
   (You found it on level 2 of the Lair of Beasts)
 G - an amulet of guardian spirit
   (You found it on level 5 of the Dungeon)
 I - a ring of protection from cold
   (You found it on level 5 of the Lair of Beasts)
 P - a ring of poison resistance (right hand)
   (You bought it in a shop on level 8 of the Dungeon)
 Q - an amulet of regeneration
   (You found it on level 12 of the Dungeon)
 Z - the dreamdust necklace (around neck) {Acrobat}
   (You acquired it in an ossuary)

   [amulet of the acrobat]

   Acrobat:   It increases your evasion while moving and waiting.
Wands
 d - a wand of iceblast (28)
   (You found it on level 4 of the Lair of Beasts)
 f - a wand of flame (20)
   (You found it on level 7 of the Dungeon)
 u - a wand of paralysis (32)
   (You found it on level 7 of the Dungeon)
 x - a wand of acid (3)
   (You bought it in a shop on level 2 of the Orcish Mines)
 D - a wand of digging (2)
   (You found it on level 10 of the Dungeon)
 Y - a wand of mindburst (16)
   (You found it on level 2 of the Lair of Beasts)
Scrolls
 h - 5 scrolls of immolation {!r}
 i - 5 scrolls of fog
 m - 5 scrolls of vulnerability {!r}
 n - 2 scrolls of silence
 r - 2 scrolls of revelation
 t - 7 scrolls of teleportation {@r4}
 A - 4 scrolls of fear
 H - 3 scrolls of noise {!r}
 N - 4 scrolls of blinking
 V - a scroll of poison {!r}
Potions
 g - 6 potions of curing {@q1}
 j - 7 potions of lignification {!q}
 k - 4 potions of cancellation
 p - 6 potions of attraction {!q}
 q - 4 potions of enlightenment
 B - 2 potions of magic
 C - 4 potions of heal wounds {@q2}
 E - a potion of might
 L - 2 potions of invisibility
 M - 2 potions of mutation {!q}


   Skills:
 + Level 13.7 Fighting
 - Level 18.0 Axes
 + Level 16.2 Ranged Weapons
 + Level 2.4 Throwing
 * Level 12.2 Armour
 - Level 3.6 Shields
 + Level 10.3 Invocations
 - Level 5.5 Evocations


You had 15 spell levels left.
You didn't know any spells.
Your spell library contained the following spells:

 Spells                   Type           Power      Damage    Failure   Level
 Magic Dart               Conj           0%         1d3       99%         1
 Necrotise                Necr           0%         1d4       99%         1
 Slow                     Hex            0%         N/A       99%         1
 Blink                    Tloc           0%         N/A       100%        2
 Cigotuvi's Dreadful Rot  Necr/Alch/Air  0%         N/A       100%        2
 Jinxbite                 Hex            0%         N/A       100%        2
 Confusing Touch          Hex            0%         N/A       100%        3
 Dazzling Flash           Conj/Hex       0%         N/A       100%        3
 Gell's Gravitas          Tloc           0%         N/A       100%        3
 Mephitic Cloud           Conj/Alch/Air  0%         N/A       100%        3
 Sigil of Binding         Hex            0%         N/A       100%        3
 Teleport Other           Tloc           0%         N/A       100%        3
 Vampiric Draining        Necr           0%         2d6       100%        3
 Brom's Barrelling Bould  Conj/Erth      0%         2d3       100%        4
 Dispel Undead            Necr           0%         3d6       100%        4
 Olgreb's Toxic Radiance  Alch           0%         N/A       100%        4
 Vhi's Electric Charge    Tloc/Air       0%         N/A       100%        4
 Arcjolt                  Conj/Air       0%         1d10      100%        5
 Curse of Agony           Necr           0%         N/A       100%        5
 Fireball                 Conj/Fire      0%         3d3       100%        5
 Iskenderun's Battlesphe  Conj           0%         2d6       100%        5
 Lee's Rapid Deconstruct  Erth           0%         3d4*      100%        5
 Silence                  Hex/Air        0%         N/A       100%        5
 Yara's Violent Unravell  Hex/Alch       0%         3d3       100%        5
 Conjure Ball Lightning   Conj/Air       0%         3x3d6     100%        6
 Dispersal                Tloc           0%         N/A       100%        6
 Plasma Beam              Fire/Air       0%         2x1d10    100%        6
 Enfeeble                 Hex            0%         N/A       100%        7
 Orb of Destruction       Conj           0%         9d5       100%        7
 Ozocubu's Refrigeration  Ice            0%         4d7       100%        7
 Discord                  Hex            0%         N/A       100%        8
 Polar Vortex             Ice            0%         N/A       100%        9
 Call Imp                 Summ           Unusable   N/A       N/A         2
 Animate Armour           Summ/Erth      Unusable   N/A       N/A         4
 Martyr's Knell           Necr/Summ      Unusable   N/A       N/A         4
 Summon Lightning Spire   Summ/Air       Unusable   N/A       N/A         4
 Death Channel            Necr           Unusable   N/A       N/A         6
 Sculpt Simulacrum        Ice/Alch       Unusable   N/A       N/A         6

Dungeon Overview and Level Annotations

Branches:
Dungeon (15/15) Zot: 26709  Temple (0/1) D:6            Lair (5/5) D:8 Zot: 21550
  Swamp (0/4) Lair:2       Spider (0/4) Lair:3        Slime (0/5) Lair:4
    Orc (2/2) D:12 Zot: 6269     Elf (0/3) Orc:2       Ossuary (visited)
 Bailey (visited)
 Vaults: D:13-14     Depths: D:15

Altars:
Ashenzari
Cheibriados
Dithmenos
Gozag
Hepliaklqana
Nemelex Xobeh
Okawaru
Qazlal
Ru
Sif Muna
Wu Jian
Yredelemnul
Zin
Beogh
Jiyva

Shops:
D:6 *   D:8 *   D:11 (   D:14 ([   Orc:2 (*=[

Annotations:
D:5 1 runed translucent door, Crazy Yiuf
D:6 1 runed translucent door, zeratav's ghost, novice OpSh


Innate Abilities, Weirdness & Mutations

You have a pair of horns on your head.
You reflexively headbutt those who attack you in melee.


Message History

The fire giant hits you with a +2 great sword of flaming!!
The fire giant burns you! The ettin hits you but does no damage.
The ettin hits you with a +0 dire flail.
You slice the fire giant!! You headbutt the fire giant!! You slice the ettin!!
You kill the ettin!
Okawaru accepts your kill.
The fire giant gestures at you while chanting.
The fireball explodes!
The fireball engulfs you!!
* * * LOW HITPOINT WARNING * * *
The fireball engulfs the fire giant!
The fire giant resists.
You hear a shout!
Unknown command.
You barely miss the fire giant. You slash the fire giant!
You kill the fire giant!
Okawaru accepts your kill.
You start resting.
A storm dragon comes into view.
Blink to where?
Press: ? - help, Dir - move target
As you read the scroll of blinking, it crumbles to dust.
You slice the storm dragon!! The storm dragon bites you.
* * * LOW HITPOINT WARNING * * *
The storm dragon claws you!
* * * LOW HITPOINT WARNING * * *
The storm dragon tramples you!
* * * LOW HITPOINT WARNING * * *
You stumble backwards!
You closely miss the storm dragon. You headbutt the storm dragon.
The storm dragon bites you!
* * * LOW HITPOINT WARNING * * *
The storm dragon closely misses you. The storm dragon barely misses you.
You slice the storm dragon!! You headbutt the storm dragon.
The storm dragon breathes lightning at you.
The bolt of lightning hits you!!
Your necklace shatters, unleashing a wave of protective dreams!
You dream of life, and clouds.
A cyclops comes into view.
You hear a shout! x2; You hear a horrible gurgling sound! x2
Unknown command.
Unknown command.
Blink to where?
Press: ? - help, Dir - move target You can't see that place. [Stash: a +0 dire flail (...1)] [a stone staircase leading down.]
Okay, then.
The storm dragon breathes lightning at you.
The bolt of lightning hits you!!
You die...

......#.# ..... ...# ####
...##.#.# ... ...# ...
#.#.# ... ....# ... #.#.#
#.# .... #####.#+#######
#.# ...#
........!.....#####.##..#
#####.........##§§§.....#
#.........#§§§§.>...#
#.........#§@§§.....+
#.........#§§§......#
...######..D§§§......#
...##......§#####....##
...#..C.........###..# ..
#....####......#...#
#...## ......##... #...
.###... #... C. ..


You could see a storm dragon (unable to see you, catching breath).

Vanquished Creatures
  Jorgrun (D:13)
  Rupert (Orc:2)
  A fire giant (D:14)
  An orc warlord (Orc:2)
  An eleionoma (Lair:2)
  2 ettins (D:14)
  Josephine (D:13)
  An ice dragon (Lair:4)
  6 hydras
  Erolcha (Orc:1)
  A catoblepas (Lair:5)
  3 boulder beetles
  A centaur warrior (D:13)
  7 two-headed ogres
  Erica (D:8)
  A deep troll shaman (Lair:5)
  17 death yaks
  An orc high priest (Orc:2)
  Urug (D:13)
  A skyshark (Lair:4)
  Lodul (D:13)
  A skeletal warrior (D:8)
  3 orc knights (Orc:2)
  Pikel (D:5)
  11 ugly things
  3 orc sorcerers (Orc:2)
  An oklob plant (Lair:3)
  3 cyclopes
  16 elephants
  Joseph (D:8)
  A black mamba (shapeshifter) (D:13)
  5 black mambas
  A torpor snail (Lair:5)
  A cane toad (shapeshifter) (D:14)
  A gargoyle (D:10)
  14 cane toads
  Jeremiah (D:7)
  6 komodo dragons
  A kobold demonologist (D:12)
  3 rime drakes
  Prince Ribbit (D:5)
  5 trolls
  4 polar bears
  6 dream sheep (Lair:5)
  8 blink frogs
  4 spriggans (Bailey)
  6 wraiths (D:13)
  54 yaks
  A fire elemental (D:14)
  3 basilisks
  3 steam dragons
  9 wyverns
  4 vampire mosquitoes (D:14)
  2 wargs (Orc:1)
  Menkaure (D:7)
  Edmund (D:5)
  2 acid dragons
  14 water moccasins
  An ice beast (D:8)
  25 orc warriors
  2 sky beasts
  3 black bears
  A laughing skull (D:8)
  19 ogres
  18 wolves
  2 centaurs (D:8)
  2 lemures (D:4)
  A phantom (D:7)
  A weeping skull (Ossuary)
  4 kobold brigands
  2 gnoll sergeants (D:8)
  10 bullfrogs
  3 scorpions
  A water moccasin zombie (Ossuary)
  A wyvern zombie (D:6)
  A wight (D:8)
  15 killer bees
  4 electric eels
  2 howler monkeys (D:8)
  2 bombardier beetles
  2 bullfrog zombies (D:6)
  2 centaur zombies (D:6)
  3 hounds
  5 jellies
  21 orc priests
  Jessica (D:2)
  4 iguanas
  4 hell rats (Lair:2)
  20 orc wizards
  A crocodile zombie (Ossuary)
  A bullfrog simulacrum (Ossuary)
  2 mummies (Ossuary)
  2 howler monkey zombies (D:6)
  Robin (D:2)
  10 gnolls
  13 adders
  2 shadow imps (D:7)
  3 white imps
  2 ufetubi (D:7)
  2 adder zombies (Ossuary)
  2 ribbon worms (D:2)
  3 dart slugs
  70 orcs
  4 ball pythons
  11 endoplasms
  2 giant cockroaches (D:1)
  13 gnoll zombies (Ossuary)
  15 goblins
  6 hobgoblins
  17 jackals
  23 kobolds
  3 quokkas
  3 bats
  2 frilled lizards
  4 jackal zombies (Ossuary)
  3 orc zombies (Ossuary)
  5 rats
660 creatures vanquished.

Vanquished Creatures (collateral kills)
  3 kobolds (D:9)
3 creatures vanquished.

Vanquished Creatures (others)
  A kobold (D:9)
1 creature vanquished.

Grand Total: 664 creatures vanquished

Notes
Turn   | Place    | Note
-------+----------+-------------------------------------------
     0 | D:1      | Pooter the Minotaur Fighter began the quest for the Orb.
     0 | D:1      | Reached XP level 1. HP: 19/19 MP: 0/0
   128 | D:1      | Found Riotusoo's Magic Scroll Boutique.
   154 | D:1      | Reached skill level 3 in Axes
   155 | D:1      | Reached XP level 2. HP: 27/27 MP: 1/1
   357 | D:1      | Reached XP level 3. HP: 33/33 MP: 2/2
   483 | D:1      | Reached skill level 4 in Axes
   930 | D:2      | Reached XP level 4. HP: 41/41 MP: 3/3
  1047 | D:2      | Reached skill level 5 in Axes
  1168 | D:2      | Found a faded altar of an unknown god.
  1336 | D:2      | Reached XP level 5. HP: 47/47 MP: 4/4
  1338 | D:2      | Reached skill level 5 in Fighting
  1424 | D:2      | Noticed Jessica
  1449 | D:2      | Killed Jessica
  1651 | D:2      | Noticed Robin
  1661 | D:2      | Killed Robin
  1670 | D:2      | Reached skill level 6 in Axes
  1899 | D:1      | Bought 3 scrolls of identify for 60 gold pieces
  1944 | D:3      | Found a sparkling altar of Nemelex Xobeh.
  2200 | D:3      | Reached XP level 6. HP: 51/56 MP: 5/5
  2256 | D:3      | Found a stormy altar of Qazlal.
  2450 | D:4      | Found a broken altar of Ashenzari.
  2458 | D:3      | Reached skill level 1 in Ranged Weapons
  2894 | D:4      | Found an ornate altar of the Wu Jian Council.
  2894 | D:4      | Found a glowing silver altar of Zin.
  2944 | D:4      | Reached skill level 7 in Axes
  3219 | D:4      | Found an iron altar of Okawaru.
  3279 | D:1      | Bought a scroll of teleportation for 30 gold pieces
  3279 | D:1      | Bought a scroll of revelation for 75 gold pieces
  3341 | D:4      | Identified the +4 hand axe of Qodghu {freeze, rPois rF+}
  3344 | D:4      | Became a worshipper of Warmaster Okawaru
  3581 | D:4      | Reached XP level 7. HP: 62/62 MP: 6/6
  4280 | D:5      | Entered Level 5 of the Dungeon
  4420 | D:5      | Noticed Prince Ribbit
  4438 | D:5      | Killed Prince Ribbit
  4439 | D:5      | Reached skill level 1 in Invocations
  4662 | D:5      | Noticed Pikel
  4796 | D:5      | Reached skill level 8 in Axes
  4990 | D:5      | Found a shimmering blue altar of Sif Muna.
  5009 | D:5      | Killed Pikel
  5009 | D:5      | Reached * piety under Okawaru
  5010 | D:5      | Reached skill level 5 in Ranged Weapons
  5010 | D:5      | Reached XP level 8. HP: 44/71 MP: 8/8
  5389 | D:5      | Found a snail-covered altar of Cheibriados.
  5521 | D:5      | Noticed Edmund
  5531 | D:5      | Killed Edmund
  5532 | D:5      | Reached skill level 9 in Axes
  5833 | D:5      | Found a runed translucent door.
  5834 | D:5      | Noticed Crazy Yiuf
  5886 | D:6      | Found a shadowy altar of Dithmenos.
  5990 | D:1      | Bought a scroll of blinking for 75 gold pieces
  6084 | D:6      | Found an opulent altar of Gozag.
  6094 | D:6      | Found a staircase to the Ecumenical Temple.
  6132 | D:6      | Found a runed translucent door.
  6133 | D:6      | Noticed zeratav's ghost (novice OpSh)
  6133 | D:6      | Noticed a white ugly thing
  6230 | D:6      | Reached ** piety under Okawaru
  6231 | D:6      | Reached XP level 9. HP: 79/79 MP: 10/10
  6232 | D:6      | Found a basalt altar of Yredelemnul.
  6401 | D:6      | Found Gozag's Platinum Reserve.
  6824 | D:7      | Reached skill level 10 in Axes
  6847 | D:7      | Noticed Menkaure
  6853 | D:7      | Killed Menkaure
  6865 | D:7      | Found a transporter.
  6874 | D:7      | Found a sand-covered staircase.
  6901 | Ossuary  | Entered an ossuary
  7116 | Ossuary  | Identified a scroll of acquirement
  7118 | Ossuary  | Acquired the dreamshard necklace {Acrobat *Dream}
  7118 | Ossuary  | Found the dreamshard necklace {Acrobat *Dream}
  7246 | D:7      | Found a transporter.
  7254 | D:7      | Noticed Jeremiah
  7404 | D:7      | Killed Jeremiah
  7404 | D:7      | Reached *** piety under Okawaru
  7751 | D:1      | Bought a scroll of fear for 40 gold pieces
  7751 | D:1      | Bought a scroll of teleportation for 30 gold pieces
  8913 | D:1      | Bought a scroll of enchant armour for 75 gold pieces
  9061 | D:8      | Noticed Erica
  9087 | D:7      | Reached skill level 11 in Axes
  9275 | D:8      | Killed Erica
  9276 | D:8      | Reached XP level 10. HP: 73/90 MP: 9/12
  9387 | D:8      | Reached skill level 5 in Invocations
  9581 | D:8      | Found a staircase to the Lair.
  9855 | D:8      | Noticed Joseph
  9882 | D:8      | Killed Joseph
  9883 | D:8      | Reached skill level 12 in Axes
 10021 | D:8      | Noticed a skeletal warrior
 10202 | D:8      | Killed a skeletal warrior
 10203 | D:8      | Reached skill level 10 in Ranged Weapons
 10206 | D:8      | Identified the staff "Tuuheod" {rPois rN+ Dex+2 Hexes
                  | Alchemy}
 10226 | D:8      | Noticed a two-headed ogre
 10244 | D:8      | Reached **** piety under Okawaru
 10280 | D:8      | Killed a two-headed ogre
 10281 | D:8      | Reached XP level 11. HP: 90/97 MP: 11/14
 10712 | D:1      | Bought a scroll of teleportation for 30 gold pieces
 11011 | D:9      | Reached skill level 5 in Armour
 11059 | D:9      | Found a flagged portal.
 11089 | Bailey   | Entered a bailey
 11245 | Bailey   | Noticed a two-headed ogre
 11261 | Bailey   | Killed a two-headed ogre
 11262 | Bailey   | Reached skill level 13 in Axes
 12645 | D:9      | Found a hazy altar of Hepliaklqana.
 12853 | D:8      | Reached skill level 10 in Fighting
 12958 | D:8      | Found Qeam's Serpentskin Sales.
 13455 | D:9      | Noticed a white ugly thing
 13462 | D:9      | Killed a white ugly thing
 13681 | D:10     | Entered Level 10 of the Dungeon
 14203 | D:10     | Found a sacrificial altar of Ru.
 14785 | Lair:1   | Entered Level 1 of the Lair of Beasts
 15119 | Lair:1   | Noticed a death yak
 15120 | Lair:1   | Noticed a death yak
 15120 | Lair:1   | Noticed a death yak
 15120 | Lair:1   | Noticed a death yak
 15128 | Lair:1   | Noticed a death yak
 15129 | Lair:1   | Noticed a death yak
 15134 | Lair:1   | Killed a death yak
 15135 | Lair:1   | Reached skill level 14 in Axes
 15135 | Lair:1   | Reached XP level 12. HP: 75/107 MP: 16/16
 15137 | Lair:1   | Killed a death yak
 15139 | Lair:1   | Killed a death yak
 15139 | Lair:1   | Reached ***** piety under Okawaru
 15139 | Lair:1   | Killed a death yak
 15140 | Lair:1   | Killed a death yak
 15142 | Lair:1   | Killed a death yak
 15142 | Lair:1   | Received a gift from Okawaru
 16664 | Lair:2   | Received a gift from Okawaru
 16666 | Lair:2   | Reached skill level 15 in Axes
 16784 | Lair:2   | Found a staircase to the Swamp.
 16784 | Lair:2   | Noticed an eleionoma
 16799 | Lair:2   | Killed an eleionoma
 17151 | D:8      | Bought a ring of poison resistance for 280 gold pieces
 17848 | Lair:3   | Reached XP level 13. HP: 106/116 MP: 16/18
 17990 | Lair:3   | Reached skill level 1 in Evocations
 18091 | Lair:3   | Received a gift from Okawaru
 18420 | Lair:3   | Found a hole to the Spider Nest.
 18510 | Lair:3   | Acquired a +2 battleaxe of flaming
 19580 | Lair:4   | Received a gift from Okawaru
 20185 | Lair:4   | Found a staircase to the Slime Pits.
 20185 | Lair:4   | Found a viscous altar of Jiyva.
 20238 | Lair:4   | Reached skill level 16 in Axes
 20602 | Lair:4   | You fall into a shaft and drop 1 floor!
 20602 | Lair:5   | Entered Level 5 of the Lair of Beasts
 20927 | Lair:5   | Received a gift from Okawaru
 21344 | Lair:4   | Reached XP level 14. HP: 124/127 MP: 19/19
 22502 | Lair:5   | Received a gift from Okawaru
 22600 | Lair:5   | Reached skill level 17 in Axes
 22600 | Lair:5   | Reached skill level 10 in Armour
 23678 | D:11     | Identified the +1 mace of the Wary Servitors {spect, Fly
                  | rElec rC++ Int-2}
 23705 | D:11     | Found Nuhug's Antique Weapon Shop.
 23943 | D:11     | Identified the +2 pair of boots of the Dice {+Blink rCorr
                  | Str+2 Int-5}
 24023 | D:11     | Reached skill level 15 in Ranged Weapons
 24216 | D:12     | Upgraded the game from 0.32-a0-329-ge6c31236d6 to
                  | 0.32-a0-350-g4f4d228785
 24229 | D:12     | Found a staircase to the Orcish Mines.
 24468 | Orc:1    | Entered Level 1 of the Orcish Mines
 24479 | Orc:1    | Noticed Erolcha
 24487 | Orc:1    | Killed Erolcha
 24850 | Orc:2    | Entered Level 2 of the Orcish Mines
 25610 | Orc:2    | Noticed an orc warlord
 25630 | Orc:2    | HP: 5/129 [orc warlord/+0 great sword (3)]
 25631 | Orc:2    | Killed an orc warlord
 28112 | Orc:2    | Found a roughly hewn altar of Beogh.
 28922 | Orc:2    | Noticed Rupert
 28950 | Orc:2    | Killed Rupert
 29259 | Orc:2    | Found Qanyipp's Jewellery Shop.
 29701 | Orc:2    | Found a staircase to the Elven Halls.
 29725 | Orc:2    | Found Roidetezo's Antique Weapon Shop.
 29758 | Orc:2    | Found Jyguergh's Antique Armour Shop.
 29765 | Orc:2    | Bought a pair of runed boots for 187 gold pieces
 29765 | Orc:2    | Bought a crude cloak for 237 gold pieces
 29765 | Orc:2    | Identified the +0 cloak of Oset {Harm rC+ Int-2} (You
                  | bought it in a shop on level 2 of the Orcish Mines)
 30103 | Orc:2    | Found Paonnej's General Store.
 30110 | Orc:2    | Bought a wand of acid (4) for 168 gold pieces
 30110 | Orc:2    | Bought a scroll of blinking for 75 gold pieces
 30110 | Orc:2    | Bought a wand of mindburst (8) for 112 gold pieces
 30110 | Orc:2    | Bought a scroll of identify for 20 gold pieces
 30113 | Orc:2    | Reached skill level 5 in Evocations
 30113 | Orc:2    | Reached XP level 15. HP: 136/136 MP: 21/21
 30194 | D:12     | Identified the +6 quarterstaff "Meineeph" {speed, Int+3
                  | Stlth+}
 30362 | D:12     | Found a roughly hewn altar of Beogh.
 30568 | D:12     | Reached XP level 16. HP: 129/144 MP: 22/22
 30923 | D:13     | Noticed Josephine
 30939 | D:13     | Killed Josephine
 30943 | D:13     | Noticed Jorgrun
 30951 | D:13     | Killed Jorgrun
 30952 | D:13     | Reached skill level 10 in Invocations
 30959 | D:13     | Reached skill level 1 in Throwing
 31130 | D:13     | Received a gift from Okawaru
 31264 | D:13     | Noticed Lodul
 31274 | D:13     | Killed Lodul
 31342 | D:13     | Noticed Urug
 31347 | D:13     | Killed Urug
 32038 | D:14     | Found Xoeh's Weapon Shop.
 32046 | D:14     | Found Qanuroc's Antique Armour Emporium.
 32055 | D:14     | Bought a glowing hat for 189 gold pieces
 32060 | D:14     | Reached skill level 18 in Axes
 32106 | D:15     | Entered Level 15 of the Dungeon
 32402 | D:14     | Noticed a storm dragon
 32406 | D:14     | Saved by the dreamshard amulet
 32407 | D:14     | Killed from afar by a storm dragon

Illustrated notes

Levels and vault maps discovered:
D:1:      nzn_arrival_settlement, layout_basic, serial_shops,
          nicolae_shop_tiny_real_fake_doors, minmay_misc_feat_x
D:2:      layout_basic, chequers_ecumenical_altar_simple_redux, uniq_robin,
          uniq_jessica
D:3:      layout_basic, mainiacjoe_overflow_tiny_flanked,
          mainiacjoe_overflow_brackets
D:4:      layout_cave_pods, okawaru_ov_weapons_minmay, jmf_multi_god_temple,
          ashenzari_conservatory_becter, kennysheep_doodads, minmay_cupped
D:5:      layout_loops_ring, mainiacjoe_overflow_24_doors, lemuel_doored_altar,
          uniq_pikel, uniq_prince_ribbit1, uniq_edmund, uniq_crazy_yiuf_cottage
D:6:      layout_basic, nicolae_gozag_zags_fifth_avenue,
          nicolae_yredelemnul_corpse_copse, mainiacjoe_overflow_alcove_4,
          minmay_temple_entry_junction, ebering_ghost_inner_flame
D:7:      gammafunk_steamed_eel, layout_loops_ring, nicolae_ossuary_entry_plus,
          chequers_mini_garden, uniq_menkaure, uniq_jeremiah
D:8:      kennysheep_windowed_halls, layout_basic, minmay_lair_entry_grove,
          st_stairs_5, guppyfry_shop_venom, uniq_erica, uniq_joseph
D:9:      layout_long_grid, general_overflow_altar, enter_bailey_2
D:10:     layout_stronghold, lemuel_tele_altar
D:11:     layout_cave_pools, serial_shops, nicolae_shop_rolling_square
D:12:     layout_basic, minmay_orc_entry_temple_small, minmay_misc_feat_tiny
D:13:     layout_loops_ring, uniq_urug, uniq_josephine, uniq_jorgrun, uniq_lodul
D:14:     layout_basic, grunt_vaults_entry_tiered,
          nicolae_kite_square_tiling_tiny, serial_shops, shop,
          nicolae_shop_back_alley_shop, shop, minmay_radiant
D:15:     grunt_enter_depths_snipers, layout_basic,
          maelrawn_ghost_gauntlet_escape, serial_aquarium,
          aquarium_bridge_island_small [aquarium_subvault_small_water,
          aquarium_subvault_wall, aquarium_subvault_bridge,
          aquarium_subvault_wall, aquarium_subvault_bridge], aquarium_window_1,
          aquarium_window_1, aquarium_view_2e, aquarium_pool_2, uniq_kirke
Lair:1:   layout_long_grid, lemuel_fruit_tree
Lair:2:   layout_loops_ring, alex1729_swamp_entry_worm_eleionoma,
          infiniplex_staircase_pool_2, lemuel_fruit_fields, serial_bayou_shore_b
Lair:3:   layout_regular_city, spider_nest_entry_web_field,
          minmay_lair_oklob_items, beast_lair_carwin_9, serial_bayou_shore_b,
          infiniplex_staircase_pool
Lair:4:   layout_hall_layers, nicolae_slime_entry_slimehenge,
          grunt_forest_small_clearings, bobbens_ice_dragon_lair
Lair:5:   grunt_lair_end_beastmaster, layout_hall_layers, serial_rivers,
          chequers_serial_rivers_micro_b, chequers_serial_rivers_micro_e,
          chequers_serial_rivers_micro_d, chequers_serial_rivers_micro_e,
          chequers_serial_rivers_large_a, serial_bayou_shore_b
Orc:1:    layout_caves, nicolae_orc_crystal_geode, uniq_erolcha
Orc:2:    grunt_orc_cross, layout_caves, uniq_rupert

Skill      XL: |  1  2  3  4  5  6  7  8  9 10 11 12 13 14 15 16 |
---------------+-------------------------------------------------+-----
Axes           | 3 4 5 6 7 8 9 11 12 14 15 16 17 18 | 18.0
Fighting       | 4 5 6 7 8 9 10 11 12 13 | 13.7
Ranged Weapons | 2 5 6 8 10 11 13 14 15 16 | 16.2
Invocations    | 2 3 4 5 7 8 9 10 | 10.3
Armour         | 4 6 8 9 11 12 | 12.2
Evocations     | 3 5 |  5.5
Throwing       | 2 |  2.4
Shields        | |  3.6

Action                     |  1- 3 |  4- 6 |  7- 9 | 10-12 | 13-15 | 16-18 || total
---------------------------+-------+-------+-------+-------+-------+-------++-------
  Melee: War axe           |    60 |    69 |       |       |       |       ||   129
         Headbutt          |     3 |    19 |    48 |    77 |    80 |    14 ||   241
         Hand axe          |       |    25 |   128 |   176 |       |       ||   329
         Flail             |       |       |   101 |       |       |       ||   101
         Broad axe         |       |       |       |   186 |   303 |    73 ||   562
         Battleaxe         |       |       |       |       |    18 |       ||    18
         Dire flail        |       |       |       |       |       |     1 ||     1
   Fire: Arbalest          |       |    27 |   119 |   101 |   249 |    62 ||   558
  Throw: Stone             |       |    12 |       |       |       |       ||    12
         Dart              |       |       |    11 |     6 |    17 |       ||    34
         Boomerang         |       |       |       |       |       |     5 ||     5
 Invoke: Heroism           |       |       |     2 |    22 |    14 |       ||    38
         Finesse           |       |       |       |     1 |     2 |       ||     3
  Evoke: Wand              |       |       |     6 |     3 |     7 |     3 ||    19
    Use: Scroll            |       |     7 |     7 |     8 |    13 |     6 ||    41
         Potion            |       |       |     4 |     1 |     1 |     3 ||     9
   Stab: Paralysed         |       |       |       |     1 |       |     2 ||     3
         Petrified         |       |       |       |       |    13 |       ||    13
         Invisible         |       |       |       |       |       |     3 ||     3
 Armour: Scale mail        |    11 |       |       |       |       |       ||    11
         Chain mail        |    30 |    85 |   187 |       |       |       ||   302
         Plate armour      |       |       |    30 |   344 |   464 |    94 ||   932
  Dodge: Dodged            |    16 |    53 |    90 |   158 |   181 |    34 ||   532
  Block: Buckler           |    14 |    15 |       |       |       |       ||    29

Table legend: (Time is in decaauts)
 A = Elapsed time spent in this place.
 B = Non-inter-level travel time spent in this place.
 C = Inter-level travel time spent in this place.
 D = Time resting spent in this place.
 E = Time spent auto-exploring this place.
 F = Levels seen in this place.
 G = Mean time per level.
                   A        B        C        D        E       F      G
               +--------+--------+--------+--------+--------+-----+--------+
         Total |  32820 |  30693 |   2127 |  12266 |  13208 |  24 | 1367.5 |
       Dungeon |  17145 |  15351 |   1794 |   4146 |   8232 |  15 | 1143.0 |
          Lair |   8449 |   8164 |    285 |   2604 |   4413 |   5 | 1689.8 |
  Orcish Mines |   5730 |   5683 |     47 |   4484 |    531 |   2 | 2865.0 |
       Ossuary |    270 |    270 |      0 |     89 |      0 |   1 |  270.0 |
        Bailey |   1224 |   1224 |      0 |    942 |     31 |   1 | 1224.0 |
               +--------+--------+--------+--------+--------+-----+--------+

Top non-repeatable levels by time:
   Orc:2: 4207 daAuts
  Lair:5: 2234 daAuts
     D:8: 2187 daAuts
     D:4: 1855 daAuts
     D:5: 1764 daAuts
  Lair:3: 1716 daAuts
  Lair:1: 1710 daAuts
     D:7: 1539 daAuts
  Lair:4: 1535 daAuts
   Orc:1: 1522 daAuts
     D:9: 1403 daAuts
     D:1: 1256 daAuts
  Lair:2: 1253 daAuts
  Bailey: 1224 daAuts
    D:10: 1117 daAuts
